 Dungeon Crawl Stone Soup version 0.29.1-15-g9cfb28693d (webtiles) character file.

Game seed: 4784089895022743924

16509 Eitelfritz the Severer (level 12, -5/99 HPs)
             Began as a Hill Orc Fighter on Apr 25, 2023.
             Was a Believer of Hepliaklqana.
             Shot with an arrow by Nessos (6 damage)
             ... on level 12 of the Dungeon.
             The game lasted 00:30:12 (15032 turns).

Eitelfritz the Severer (Hill Orc Fighter)          Turns: 15032, Time: 00:30:12

Health: -5/99      AC: 15    Str: 24    XL:     12   Next: 38%
Magic:  12/12      EV: 11    Int:  8    God:    Hepliaklqana [**....]
Gold:   132        SH:  5    Dex: 10    Spells: 11/11 levels left

rFire   . . .      SeeInvis .   a - +3 war axe (freeze)
rCold   . . .      Faith    .   c - +0 buckler
rNeg    . . .      Spirit   .   B - +3 scale mail {Will+}
rPois   +          Reflect  .   n - +2 helmet
rElec   .          Harm     .   x - +0 cloak
rCorr   .          Rampage  .   (no gloves)
Will    +....                   (no boots)
Stlth   +.........              (no amulet)
HPRegen 0.26/turn               m - ring of poison resistance
MPRegen 0.13/turn               (no ring)

@: no status effects
A: reduced essence
a: Renounce Religion, Recall Ancestor, Ancestor Identity


You were on level 12 of the Dungeon.
You worshipped Hepliaklqana.
Hepliaklqana was pleased with you.
You visited 2 branches of the dungeon, and saw 13 of its levels.

You collected 647 gold pieces.
You spent 515 gold pieces at shops.

Inventory:

Hand Weapons
 a - a +3 war axe of freezing (weapon)
 b - a +0 sling
 k - a +2 flail of protection
 A - a +2 vampiric war axe
 K - a +0 vorpal war axe
Missiles
 i - 12 boomerangs
 t - 2 silver boomerangs
 y - 3 throwing nets
 I - 2 poisoned darts (quivered)
Armour
 c - a +0 buckler (worn)
 n - a +2 helmet (worn)
 v - a scarf of shadows
 x - a +0 cloak (worn)
 B - a +3 scale mail of willpower (worn)
 M - +0 acid dragon scales
Jewellery
 m - a ring of poison resistance (left hand)
 p - a ring of ice
 F - the ring "Uschaf" {Fire Int+5}
   (You found it on level 9 of the Dungeon)

   [ring of fire]

   It enhances your fire magic.
   Int:       It affects your intelligence (+5).
   rF:        It protects you from fire.
   rC:        It makes you vulnerable to cold.
 H - a ring of resist corrosion
 J - a ring of magical power
Wands
 e - a wand of polymorph (16)
 s - a wand of digging (7)
 u - a wand of iceblast (1)
 z - a wand of flame (16)
 L - a wand of acid (8)
Scrolls
 d - 5 scrolls of butterflies
 g - 3 scrolls of immolation
 j - 4 scrolls of poison
 l - 4 scrolls of blinking
 o - 4 scrolls of teleportation
 C - 7 scrolls of identify
 D - a scroll of amnesia
Potions
 h - a potion of brilliance
 q - 2 potions of lignification
 r - a potion of cancellation
 w - a potion of attraction
 E - 2 potions of magic
 G - a potion of berserk rage


   Skills:
 + Level 11.4 Fighting
 + Level 16.7 Axes
 + Level 2.9 Ranged Weapons
 + Level 1.3 Throwing
 + Level 8.0 Armour
 + Level 5.2 Dodging
 + Level 3.1 Stealth
 + Level 6.8 Shields
 + Level 0.9 Unarmed Combat
 + Level 1.4 Evocations


You had 11 spell levels left.
You didn't know any spells.
Your spell library contained the following spells:

 Spells                   Type           Power      Damage    Failure   Level
 Freeze                   Ice            0%         1d3       77%         1
 Sandblast                Erth           0%         2d4       77%         1
 Summon Small Mammal      Summ           0%         N/A       77%         1
 Passwall                 Tmut/Erth      0%         N/A       88%         2
 Static Discharge         Conj/Air       0%         3-3/arc   88%         2
 Call Canine Familiar     Summ           0%         N/A       98%         3
 Dazzling Flash           Conj/Hex       0%         N/A       98%         3
 Frozen Ramparts          Ice            0%         1d1       98%         3
 Stone Arrow              Conj/Erth      0%         3d7       98%         3
 Summon Guardian Golem    Hex/Summ       0%         N/A       98%         3
 Tukima's Dance           Hex            0%         N/A       98%         3
 Animate Dead             Necr           0%         N/A       100%        4
 Hailstorm                Conj/Ice       0%         3d3       100%        4
 Iskenderun's Mystic Bla  Conj/Tloc      0%         2d3       100%        4
 Passage of Golubria      Tloc           0%         N/A       100%        4
 Lightning Bolt           Conj/Air       0%         1d11      100%        5
 Yara's Violent Unravell  Hex/Tmut       0%         3d3       100%        5
 Starburst                Conj/Fire      0%         6d3       100%        6
 Haunt                    Necr/Summ      0%         N/A       100%        7
 Infestation              Necr           0%         N/A       100%        8
 Maxwell's Capacitive Co  Air            0%         ∞         100%        8


Dungeon Overview and Level Annotations

Branches:
Dungeon (12/15)            Temple (1/1) D:6            Lair (0/5) D:9
    Orc (0/2) D:11

Altars:
Ashenzari
Cheibriados
Dithmenos
Elyvilon
Fedhas
Gozag
Hepliaklqana
Kikubaaqudgha
Makhleb
Nemelex Xobeh
Okawaru
Qazlal
Ru
Sif Muna
Trog
Uskayaw
Vehumet
Wu Jian
Xom
Yredelemnul
The Shining One
Beogh

Shops:
D:3 ?   D:8 !   D:10 ?([

Annotations:
D:9 3 runed translucent doors, Peloso's ghost, novice MiFi
D:12 Nessos


Message History

Nessos shoots an arrow.
The arrow hits Marzanna!
The arrow burns Marzanna.
Marzanna is destroyed!
Nessos shoots an arrow.
The arrow hits you! The arrow burns you.
You are poisoned.
You feel very sick.
Nessos shoots an arrow.
You block the arrow.
Nessos shoots an arrow.
The arrow hits you! The arrow burns you.
You feel sick.
You slash Nessos! You freeze Nessos.
Nessos is moderately wounded.
You feel sick.
Nessos unwields a +1 longbow of flaming.
It stops flaming.
Nessos hits you. You block Nessos's attack.
You hit Nessos but do no damage.
Nessos is heavily wounded.
You feel sick.
Nessos casts a spell.
Nessos seems to speed up.
You hit Nessos but do no damage.
Nessos is heavily wounded.
You feel sick.
Nessos mumbles some strange words.
Nessos blinks!
Nessos wields a +1 longbow of flaming.
It bursts into flame!
Nessos shoots an arrow.
The arrow barely misses you.
You feel sick.
Nessos shoots an arrow.
The arrow hits you!
* * * LOW HITPOINT WARNING * * *
The arrow burns you.
* * * LOW HITPOINT WARNING * * *
Nessos shoots an arrow.
The arrow hits you!!
* * * LOW HITPOINT WARNING * * *
The arrow burns you.
* * * LOW HITPOINT WARNING * * *
You feel better.
Nessos shoots an arrow.
You block the arrow.
Nessos shoots an arrow.
You block the arrow.
Nessos shoots an arrow.
The arrow hits you!
* * * LOW HITPOINT WARNING * * *
The arrow burns you.
* * * LOW HITPOINT WARNING * * *
Nessos shoots an arrow.
The arrow hits you.
You die...

#.#########
#.#.......#
#.#.#####.#
#.#.# #.#
#.#.# #.#
#.#.# #.#
#####.#.#
#.####
........#
#.c.@#######
#####.###
####(......#
#.#
#######.#
#####.## .#
.......# ..
.......# .#.
.......#
...#
.......# ..
. .......#
.. ..


You could see Nessos (fast, poisoned).

Vanquished Creatures
  A boulder beetle (D:12)
  4 two-headed ogres
  2 orc knights (D:11)
  Pikel (D:7)
  2 cyclopes
  A manticore (D:11)
  An elephant (D:9)
  A gargoyle (D:11)
  A kobold demonologist (D:12)
  A hornet (D:9)
  A troll (D:10)
  Sigmund (D:2)
  2 shadows
  11 yaks (D:9)
  4 wraiths
  2 wyverns
  3 steam dragons
  Edmund (D:4)
  An acid dragon (D:9)
  3 water moccasins
  3 black bears
  4 orc warriors
  3 ogres
  4 centaurs
  2 lemures (D:6)
  A kobold brigand (D:7)
  4 bullfrogs
  2 scorpions
  2 necrophages
  8 killer bees
  3 howler monkeys
  10 orc priests
  6 hounds
  3 jellies
  Terence (D:2)
  5 iguanas
  Crazy Yiuf (D:7)
  11 orc wizards
  Ijyb (D:4)
  3 gnolls (D:6)
  6 adders
  2 ufetubi (D:6)
  A worm (D:2)
  6 dart slugs
  49 orcs
  8 ball pythons
  3 endoplasms
  5 giant cockroaches
  6 goblins
  7 hobgoblins
  7 kobolds
  2 quokkas
  5 bats
  6 rats
234 creatures vanquished.

Vanquished Creatures (collateral kills)
  A boulder beetle (D:12)
  Urug (D:11)
  2 trolls
  A wraith (D:10)
  A steam dragon (D:9)
  An acid dragon (D:11)
  3 orc warriors
  2 centaurs (D:9)
  A bullfrog (D:9)
  2 orc priests (D:11)
  6 orcs (D:11)
21 creatures vanquished.

Vanquished Creatures (others)
  5 ancestors (D:9)
  6 battlemagi
  An orc wizard (D:9)
  An orc (D:7)
  2 plants (D:9)
15 creatures vanquished.

Grand Total: 270 creatures vanquished

Notes
Turn   | Place    | Note
-------+----------+-------------------------------------------
     0 | D:1      | Eitelfritz the Hill Orc Fighter began the quest for the
                  | Orb.
     0 | D:1      | Reached XP level 1. HP: 19/19 MP: 1/1
    68 | D:1      | Reached XP level 2. HP: 21/27 MP: 2/2
   211 | D:1      | Found a faded altar of an unknown god.
   263 | D:1      | Reached skill level 3 in Axes
   459 | D:1      | Reached XP level 3. HP: 22/33 MP: 3/3
   913 | D:2      | Noticed Sigmund
   923 | D:2      | Killed Sigmund
   924 | D:2      | Reached skill level 5 in Axes
   924 | D:2      | Reached XP level 4. HP: 20/41 MP: 4/4
   924 | D:2      | Reached XP level 5. HP: 23/47 MP: 5/5
  1205 | D:2      | Noticed Terence
  1258 | D:3      | Found a stormy altar of Qazlal.
  1273 | D:3      | Found Exkoceass's Magic Scroll Shoppe.
  1519 | D:3      | Bought a scroll of identify for 26 gold pieces
  1634 | D:3      | Reached XP level 6. HP: 51/53 MP: 6/6
  2034 | D:2      | Killed Terence
  2449 | D:4      | Noticed Ijyb
  2449 | D:4      | Noticed Edmund
  2481 | D:5      | Entered Level 5 of the Dungeon
  2486 | D:5      | Reached skill level 6 in Axes
  2954 | D:5      | Noticed a black bear
  2973 | D:5      | Killed a black bear
  2974 | D:5      | Reached skill level 1 in Dodging
  2974 | D:5      | Reached XP level 7. HP: 47/60 MP: 7/7
  3091 | D:5      | Reached skill level 7 in Axes
  3091 | D:5      | Reached skill level 5 in Armour
  3503 | D:5      | Reached skill level 5 in Fighting
  3952 | D:4      | Killed Edmund
  4034 | D:4      | Reached skill level 8 in Axes
  4129 | D:4      | Found an iron altar of Okawaru.
  4129 | D:4      | Found a glowing golden altar of the Shining One.
  4168 | D:4      | Reached XP level 8. HP: 68/68 MP: 8/8
  4238 | D:4      | Killed Ijyb
  4536 | D:4      | Found a white marble altar of Elyvilon.
  4875 | D:6      | Reached skill level 9 in Axes
  5198 | D:6      | Reached XP level 9. HP: 78/78 MP: 9/9
  5370 | D:6      | Reached skill level 10 in Axes
  5886 | D:6      | Found a staircase to the Ecumenical Temple.
  5924 | Temple   | Entered the Ecumenical Temple
  5953 | Temple   | Became a worshipper of Hepliaklqana the Forgotten
  6024 | D:6      | Reached skill level 1 in Stealth
  6401 | D:7      | Reached skill level 5 in Shields
  6541 | D:7      | Noticed Pikel
  6552 | D:7      | Killed Pikel
  6553 | D:7      | Reached skill level 11 in Axes
  6585 | D:7      | Found a shimmering altar of Xom.
  7418 | D:7      | Found a runed translucent door.
  7419 | D:7      | Noticed Crazy Yiuf
  7552 | D:7      | Killed Crazy Yiuf
  8512 | D:8      | Found Heexa's Distillery.
  8517 | D:8      | Bought a potion of might for 52 gold pieces
  8517 | D:8      | Bought a potion of berserk rage for 65 gold pieces
  8534 | D:8      | Reached XP level 10. HP: 74/88 MP: 10/10
  8548 | D:8      | Reached skill level 12 in Axes
  8695 | D:8      | Identified the +5 mace of Disgust {spect, rF++}
  8934 | D:8      | Reached * piety under Hepliaklqana
  9624 | D:9      | Reached skill level 1 in Evocations
  9631 | D:9      | Found a staircase to the Lair.
  9697 | D:9      | Reached skill level 13 in Axes
  9715 | D:9      | Found a blossoming altar of Fedhas.
  9858 | D:9      | Reached skill level 14 in Axes
 10155 | D:9      | Noticed a centaur warrior
 10496 | D:9      | Identified the ring "Uschaf" {Fire Int+5}
 10607 | D:9      | Found a runed translucent gate.
 10607 | D:9      | Found a runed translucent gate.
 10607 | D:9      | Found a runed translucent gate.
 10615 | D:9      | Noticed Peloso's ghost (novice MiFi)
 10716 | D:9      | Reached XP level 11. HP: 87/87 MP: 11/11
 10744 | D:9      | Noticed a two-headed ogre
 10756 | D:9      | Killed a two-headed ogre
 11334 | D:10     | Entered Level 10 of the Dungeon
 11336 | D:10     | Found Weybboat's Weapon Boutique.
 11344 | D:10     | Bought a throwing net for 36 gold pieces
 11363 | D:10     | Noticed a two-headed ogre
 11370 | D:10     | Killed a two-headed ogre
 11371 | D:10     | Reached skill level 15 in Axes
 11379 | D:10     | Found Sypac's Magic Scroll Boutique.
 11385 | D:10     | Bought a scroll of brand weapon for 133 gold pieces
 11385 | D:10     | Bought a scroll of identify for 28 gold pieces
 11385 | D:10     | Bought a scroll of teleportation for 42 gold pieces
 11385 | D:10     | Bought a scroll of enchant armour for 105 gold pieces
 11385 | D:10     | Bought a scroll of identify for 28 gold pieces
 11433 | D:10     | Reached skill level 10 in Fighting
 11472 | D:10     | Reached ** piety under Hepliaklqana
 11512 | D:10     | Found Coqyfehe's Antique Armour Emporium.
 11729 | D:10     | Noticed a two-headed ogre
 11733 | D:10     | Killed a two-headed ogre
 11734 | D:10     | Reached skill level 1 in Throwing
 12399 | D:10     | Remembered your ancestor Marzanna as a battlemage
 12992 | D:11     | Noticed a two-headed ogre
 13004 | D:11     | Killed a two-headed ogre
 13035 | D:11     | Reached skill level 1 in Ranged Weapons
 13305 | D:11     | Found a roughly hewn altar of Beogh.
 13305 | D:11     | Found a staircase to the Orcish Mines.
 13305 | D:11     | Noticed an orc knight
 13365 | D:11     | Killed an orc knight
 13366 | D:11     | Reached skill level 16 in Axes
 13639 | D:11     | Noticed an orc knight
 13650 | D:11     | Killed an orc knight
 13733 | D:11     | Reached XP level 12. HP: 96/97 MP: 12/12
 13836 | D:11     | Reached skill level 5 in Dodging
 14002 | D:11     | Noticed Urug
 14015 | D:11     | Killed Urug
 14484 | D:12     | Noticed a boulder beetle
 14510 | D:12     | Killed a boulder beetle
 14775 | D:12     | Noticed a boulder beetle
 14787 | D:12     | Killed a boulder beetle
 15017 | D:12     | Noticed Nessos
 15030 | D:12     | HP: 4/99 [Nessos/arrow (5)]
 15032 | D:12     | HP: 1/99 [Nessos/arrow (4)]
 15032 | D:12     | Shot with an arrow by Nessos

Illustrated notes

Levels and vault maps discovered:
D:1:      zaba_arrival_water, layout_loops_ring, basic_ecumenical_altar,
          supply_closet_lemuel, minmay_distorted
D:2:      layout_loops_cross, uniq_sigmund, uniq_terence
D:3:      layout_rooms, nicolae_qazlal_eye_of_the_storm,
          nicolae_overflow_hidden_temple, serial_shops, shop_scrolls
D:4:      layout_loops_ring, jmf_multi_god_temple, elyvilon_altar_3, uniq_ijyb,
          uniq_edmund
D:5:      layout_basic, minivault_19
D:6:      layout_layer_cave, minmay_temple_entry_waves
D:7:      layout_gridville, mainiacjoe_overflow_brackets,
          minmay_misc_feat_diagonals, lemuel_flame_loot_1, uniq_pikel,
          uniq_crazy_yiuf_cottage
D:8:      layout_loops_ring, serial_shops, shop
D:9:      layout_stronghold, general_overflow_altar, david_lair_generic,
          gammafunk_ghost_spectres, evilmike_minifort
D:10:     layout_loops_ring, serial_shops, nicolae_shop_hallway_plus, shop,
          nicolae_square_shop
D:11:     layout_loops_ring, david_orc_5, uniq_urug
D:12:     layout_loops_ring, uniq_gastronok, uniq_jorgrun, uniq_nessos
Temple:   minmay_freezing_vapour_temple

Skill      XL: |  1  2  3  4  5  6  7  8  9 10 11 12 |
---------------+-------------------------------------+-----
Axes           | 3 5 6 8 9 11 14 16 | 16.7
Fighting       | 4 5 6 8 9 10 11 | 11.4
Armour         | 4 5 6 7 8 |  8.0
Shields        | 4 5 6 |  6.8
Dodging        | 1 3 4 5 |  5.2
Stealth        | 1 2 3 |  3.1
Evocations     | 1 |  1.4
Throwing       | 1 |  1.3
Ranged Weapons | 2 |  2.9
Unarmed Combat | |  0.9

Action                   |  1- 3 |  4- 6 |  7- 9 | 10-12 || total
-------------------------+-------+-------+-------+-------++-------
Melee: War axe           |    64 |   116 |   309 |   373 ||   862
       Unarmed           |       |       |     5 |       ||     5
 Fire: Sling             |       |       |       |    15 ||    15
Throw: Boomerang         |       |     5 |     2 |       ||     7
       Dart              |       |       |       |     9 ||     9
Invok: Ancestor Life: Ba |       |       |       |     1 ||     1
Evoke: Wand              |       |       |     5 |     3 ||     8
  Use: Potion            |     1 |       |     3 |     8 ||    12
       Scroll            |       |     3 |    14 |     6 ||    23
 Stab: Distracted        |       |       |       |     2 ||     2
Armor: Scale mail        |    32 |    77 |    49 |     7 ||   165
       Steam dragon scal |       |       |    65 |    15 ||    80
       Acid dragon scale |       |       |       |    71 ||    71
Dodge: Dodged            |    38 |    77 |   169 |   177 ||   461
Block: Buckler           |    23 |    36 |    71 |    83 ||   213
